 Dungeon Crawl Stone Soup version 0.29.1-1-gd02db6906a (webtiles) character file.

Game seed: 12038446423835078001

211 safid the Shooter (level 5, -6/45 HPs)
             Began as a Minotaur Hunter on Oct 18, 2022.
             Mangled by an orc
             ... wielding a +0 mace
              (7 damage)
             ... on level 3 of the Dungeon.
             The game lasted 00:02:57 (2825 turns).

safid the Shooter (Minotaur Hunter)                 Turns: 2825, Time: 00:03:00

Health: -6/45      AC:  3    Str: 15    XL:     5   Next: 57%
Magic:  4/4        EV: 12    Int:  6    God:
Gold:   90         SH:  0    Dex: 16    Spells: 4/4 levels left

rFire   . . .      SeeInvis .   a - +0 shortbow
rCold   . . .      Faith    .   (shield currently unavailable)
rNeg    . . .      Spirit   .   c - +0 leather armour
rPois   .          Reflect  .   (helmet restricted)
rElec   .          Harm     .   (no cloak)
rCorr   .          Rampage  .   (no gloves)
Will    .....                   (no boots)
Stlth   +.........              (no amulet)
HPRegen 0.15/turn               (no ring)
MPRegen 0.09/turn               (no ring)

@: no status effects
A: horns 2, retaliatory headbutt
a: no special abilities


You were on level 3 of the Dungeon.
You visited 1 branch of the dungeon, and saw 3 of its levels.

You collected 90 gold pieces.

Inventory:

Hand Weapons
 a - a +0 shortbow (weapon)
Missiles
 r - a throwing net
Armour
 c - a +0 leather armour (worn)
Wands
 n - a wand of flame (25)
Scrolls
 b - 2 scrolls of immolation
 f - 3 scrolls of identify {unknown}
 g - a scroll of enchant armour {unknown}
 i - a scroll of poison {unknown}
 k - a scroll of brand weapon {unknown}
 m - a scroll of teleportation {unknown}
 o - a scroll of butterflies {unknown}
 p - a scroll of noise {unknown}
 q - a scroll of vulnerability {unknown}
 s - a scroll of fear {unknown}
Potions
 d - a potion of haste {unknown}
 e - a potion of flight {unknown}
 h - a potion of berserk rage {unknown}
 j - a potion of ambrosia {unknown}
 l - a potion of lignification {unknown}


   Skills:
 - Level 3.0 Fighting
 + Level 7.4 Ranged Weapons
 - Level 2.1 Dodging
 - Level 0.7 Stealth


You had 4 spell levels left.
You didn't know any spells.
Your spell library was empty.

Dungeon Overview and Level Annotations

Branches:
Dungeon (3/15)

Altars:

Shops:
D:1 =


Innate Abilities, Weirdness & Mutations

You have a pair of horns on your head.
You reflexively headbutt those who attack you in melee.


Message History

Press: ? - help, Q - select action, (/) - cycle Shift-Dir - straight line, f/p - orc priest
Aim: an orc priest, wielding a +0 hand axe and wearing a +0 leather armour (moderately wounded, 64% to hit)
You shoot an arrow. The arrow hits the orc priest!
The orc priest is almost dead.
The orc closely misses you.
The orc priest hits you with a +0 hand axe.
Fire: a) +0 shortbow
Press: ? - help, Q - select action, (/) - cycle Shift-Dir - straight line, f/p - orc priest
Aim: an orc priest, wielding a +0 hand axe and wearing a +0 leather armour (almost dead, 64% to hit)
You shoot an arrow. The arrow barely misses the orc priest.
The orc hits you but does no damage.
The orc priest calls down the wrath of Beogh upon you.
Pain shoots through your body!
* * * LOW HITPOINT WARNING * * *
Unknown command.
Fire: a) +0 shortbow
Press: ? - help, Q - select action, (/) - cycle Shift-Dir - straight line, f/p - orc priest
Aim: an orc priest, wielding a +0 hand axe and wearing a +0 leather armour (almost dead, 64% to hit)
You shoot an arrow. The arrow hits the orc priest.
The orc priest is almost dead.
The orc priest barely misses you. You furiously retaliate!
You headbutt the orc priest!
You kill the orc priest!
The orc hits you with a +0 mace.
* * * LOW HITPOINT WARNING * * *
The orc hits you with a +0 mace.
* * * LOW HITPOINT WARNING * * *
Okay, then.
Fire: a) +0 shortbow
Press: ? - help, Q - select action, (/) - cycle Shift-Dir - straight line, f - orc
Aim: an orc, wielding a +0 mace and wearing a +0 chain mail (71% to hit)
You shoot an arrow. The arrow hits the orc.
The orc is severely wounded.
The orc barely misses you.
Fire: a) +0 shortbow
Press: ? - help, Q - select action, (/) - cycle Shift-Dir - straight line, f/p - orc
Aim: an orc, wielding a +0 mace and wearing a +0 chain mail (severely wounded, 71% to hit)
You shoot an arrow. The arrow closely misses the orc.
The orc hits you with a +0 mace!
You die...

##..# #..# .
#..# .. #..#
..( ##.# ....
#.# .....
###.#
......###...+
......)@....#
.###...o....#
#........#
#......###
#.......
#.....###
#.....#
#.....#


You could see an orc.

Vanquished Creatures
  2 orc priests (D:3)
  Ijyb (D:3)
  4 gnolls
  3 adders
  A dart slug (D:1)
  An orc (D:3)
  5 ball pythons
  5 bats
  4 endoplasms
  2 giant cockroaches (D:1)
  5 goblins
  4 hobgoblins
  4 jackals
  5 kobolds
  3 quokkas
  4 frilled lizards
  5 rats
58 creatures vanquished.

Notes
Turn   | Place    | Note
-------+----------+-------------------------------------------
     0 | D:1      | safid the Minotaur Hunter began the quest for the Orb.
     0 | D:1      | Reached XP level 1. HP: 18/18 MP: 0/0
   101 | D:1      | Reached XP level 2. HP: 25/25 MP: 1/1
   215 | D:1      | Reached skill level 5 in Ranged Weapons
   363 | D:1      | You fall into a shaft and drop 1 floor!
   388 | D:2      | Reached XP level 3. HP: 31/31 MP: 2/2
   784 | D:1      | Found Ekhlaumae's Jewellery Boutique.
  1528 | D:3      | Identified the +8 whip of Rotten Expedience {freeze, Str+3}
  1569 | D:3      | Reached skill level 6 in Ranged Weapons
  1569 | D:3      | Reached XP level 4. HP: 38/38 MP: 3/3
  1800 | D:2      | HP: 1/38 [jackal (2)]
  2591 | D:3      | Noticed Ijyb
  2601 | D:3      | Killed Ijyb
  2602 | D:3      | Reached XP level 5. HP: 24/45 MP: 4/4
  2770 | D:3      | Identified the +1 dagger "Sonisebe" {freeze, Str+5}
  2817 | D:3      | Reached skill level 7 in Ranged Weapons
  2823 | D:3      | HP: 1/45 [orc/+0 mace (4)]
  2825 | D:3      | Mangled by an orc

Illustrated notes

Levels and vault maps discovered:
D:1:      lightli_arrival_statuegarden, layout_basic, serial_shops,
          nicolae_shop_hallway_stairs, minmay_misc_feat_five
D:2:      layout_loops_ring, minivault_4, minmay_misc_feat_columns
D:3:      layout_basic, serial_shops, nicolae_shop_statue_plus,
          nicolae_shop_vocational, uniq_ijyb

Skill      XL: |  1  2  3  4  5 |
---------------+----------------+-----
Fighting       | 3 |  3.0
Ranged Weapons | 5 6 7 |  7.4
Dodging        | |  2.1
Stealth        | |  0.7

Action                   |  1- 3 |  4- 6 || total
-------------------------+-------+-------++-------
 Fire: Shortbow          |    95 |    84 ||   179
Armor: Leather armour    |     4 |    12 ||    16
Dodge: Dodged            |    21 |    47 ||    68
